 Dungeon Crawl Stone Soup version 0.28.0-43-g3370ac3207 (webtiles) character file.

Game seed: 14113213283401540614

73808 TheDeanity the Bludgeoner (level 15, -4/159 HPs)
             Began as a Troll Fighter on Mar 14, 2022.
             Was a High Priest of Wu Jian.
             Slain by a jumping spider (7 damage)
             ... on level 1 of the Spider Nest.
             The game lasted 01:11:36 (19623 turns).

TheDeanity the Bludgeoner (Troll Fighter)          Turns: 19623, Time: 01:11:37

Health: -4/159     AC: 15    Str: 31    XL:     15   Next: 5%
Magic:  14/14      EV:  8    Int:  4    God:    Wu Jian [*****.]
Gold:   24         SH:  0    Dex: 11    Spells: 14/14 levels left

rFire   + + +      SeeInvis +   o - +7 great mace "Firestarter" {inner flame, rF++}
rCold   x . .      Faith    .   (shield currently unavailable)
rNeg    + . .      Spirit   .   O - +0 fire dragon scales
rPois   .          Reflect  .   b - +2 hat {Will+}
rElec   .          Harm     .   a - +0 cloak
rCorr   .          Rampage  .   (gloves unavailable)
Will    +++..                   (boots unavailable)
Stlth   ..........              (no amulet)
HPRegen 1.16/turn               y - ring of willpower
MPRegen 0.14/turn               G - ring "Zoeco" {rN+ Str-3 Slay+2 SInv}

@: lethally poisoned (-4 -> -13), serpent's lash
A: large, unfitting armour, claws 3, regeneration 1, shaggy fur 1, tough skin 1,
hooves 1, agile 1
a: Renounce Religion, Wall Jump, Serpent's Lash, Heavenly Storm


You were on level 1 of the Spider Nest.
You worshipped Wu Jian.
Wu Jian was extremely pleased with you.
You visited 4 branches of the dungeon, and saw 19 of its levels.

You collected 1958 gold pieces.
You spent 1934 gold pieces at shops.

Inventory:

Hand Weapons
 n - a +1 morningstar of electrocution
 o - the +7 great mace "Firestarter" (weapon) {inner flame, rF++}
   (You bought it in a shop on level 1 of the Orcish Mines)

   It burns those it strikes, dealing additional fire damage.
   It fills those it strikes with an explosive inner flame.
   It grants immunity to clouds of flame.
   rF:        It greatly protects you from fire.
 T - a +0 giant spiked club of protection
Missiles
 j - 4 throwing nets
 H - 17 large rocks (quivered)
Armour
 a - a +0 cloak (worn)
 b - a +2 hat of willpower (worn)
 c - a +0 kite shield
 F - an orb of wrath
 O - +0 fire dragon scales (worn)
Jewellery
 u - a ring of flight
 y - a ring of willpower (left claw)
 G - the ring "Zoeco" (right claw) {rN+ Str-3 Slay+2 SInv}
   (You bought it in a shop on level 5 of the Dungeon)

   [ring of see invisible]

   Str:       It affects your strength (-3).
   Slay:      It affects your accuracy & damage with ranged weapons and melee
   (+2).
   rN:        It protects you from negative energy.
   SInv:      It lets you see invisible.
Wands
 g - a wand of flame (13)
 K - a wand of acid (4)
 L - a wand of iceblast (4)
 M - a wand of digging (12)
 N - a wand of polymorph (9)
Scrolls
 e - a scroll of teleportation
 f - 2 scrolls of enchant weapon
 k - a scroll of vulnerability {unknown}
 p - 2 scrolls of magic mapping
 r - 2 scrolls of fog {unknown}
 s - 2 scrolls of summoning {unknown}
 v - 3 scrolls of immolation {unknown}
 z - 2 scrolls of amnesia {unknown}
 B - 2 scrolls of blinking {unknown}
 E - 2 scrolls of noise {unknown}
 J - a scroll of fear {unknown}
 R - a scroll of holy word {unknown}
Potions
 d - 2 potions of might
 h - 2 potions of brilliance
 i - 2 potions of magic
 l - 3 potions of ambrosia
 m - 2 potions of flight {unknown}
 q - 2 potions of resistance
 w - 2 potions of invisibility
 A - 3 potions of lignification
 C - a potion of attraction {unknown}
 D - 2 potions of heal wounds
 I - 4 potions of curing
Miscellaneous
 Q - a box of beasts
 S - a phial of floods


   Skills:
 + Level 13.0 Fighting
 * Level 17.6 Maces & Flails
 - Level 5.0 Armour
 - Level 2.4 Dodging
 - Level 10.0 Shields


You had 14 spell levels left.
You didn't know any spells.
Your spell library contained the following spells:

 Spells                   Type           Power      Damage    Failure   Level
 Freeze                   Ice            0%         1d3       77%         1
 Shock                    Conj/Air       0%         1d3       77%         1
 Ensorcelled Hibernation  Hex/Ice        0%         N/A       88%         2
 Passwall                 Tmut/Erth      0%         N/A       88%         2
 Scorch                   Fire           0%         2d5       88%         2
 Call Canine Familiar     Summ           0%         N/A       98%         3
 Frozen Ramparts          Ice            0%         1d2       98%         3
 Gell's Gravitas          Tloc           0%         N/A       98%         3
 Lesser Beckoning         Tloc           0%         N/A       98%         3
 Portal Projectile        Hex/Tloc       0%         N/A       98%         3
 Spider Form              Tmut/Pois      0%         N/A       98%         3
 Swiftness                Air            0%         N/A       98%         3
 Teleport Other           Tloc           0%         N/A       98%         3
 Tukima's Dance           Hex            0%         N/A       98%         3
 Vampiric Draining        Necr           0%         2d6       98%         3
 Airstrike                Air            0%         N/A       100%        4
 Anguish                  Hex/Necr       0%         N/A       100%        4
 Dispel Undead            Necr           0%         3d6       100%        4
 Flame Wave               Conj/Fire      0%         2d4       100%        4
 Fulminant Prism          Conj/Hex       0%         3d6       100%        4
 Hailstorm                Conj/Ice       0%         3d3       100%        4
 Ice Form                 Ice/Tmut       0%         N/A       100%        4
 Iskenderun's Mystic Bla  Conj/Tloc      0%         2d3       100%        4
 Leda's Liquefaction      Hex/Erth       0%         N/A       100%        4
 Agony                    Necr           0%         N/A       100%        5
 Blade Hands              Tmut           0%         N/A       100%        5
 Excruciating Wounds      Necr           0%         N/A       100%        5
 Lee's Rapid Deconstruct  Erth           0%         3d5*      100%        5
 Summon Forest            Summ/Tloc      0%         N/A       100%        5
 Summon Mana Viper        Hex/Summ       0%         N/A       100%        5
 Simulacrum               Ice/Necr       0%         N/A       100%        6
 Summon Cactus Giant      Summ           0%         N/A       100%        6
 Enfeeble                 Hex            0%         N/A       100%        7
 Borgnjor's Revivificati  Necr           0%         N/A       100%        8
 Death's Door             Necr           0%         N/A       100%        9


Dungeon Overview and Level Annotations

Branches:
Dungeon (10/15)            Temple (0/1) D:7            Lair (6/6) D:8
 Shoals (0/4) Lair:2       Spider (1/4) Lair:3        Slime (0/5) Lair:6
    Orc (2/2) D:10            Elf (0/3) Orc:2

Altars:
Cheibriados
Fedhas
Makhleb
Nemelex Xobeh
Qazlal
Vehumet
Wu Jian
Xom
Yredelemnul
Beogh

Shops:
D:5 =   D:7 *   Orc:1 *   Orc:2 ([?(

Annotations:
D:9 2 transporters, dornbeast's ghost, journeyman DjCA
Lair:2 1 runed translucent door, exclusion: 2 doors, croobank's ghost, journeyman GnFE


Innate Abilities, Weirdness & Mutations

You are too large for most types of armour.
You have claws for hands.
Your natural rate of healing is unusually fast.
You are covered in fur. (AC +1)
You have tough skin. (AC +1)
You have large cloven feet.
You are agile. (Dex +2)


Message History

The jumping spider bites you but does no damage.
You struggle to detach yourself from the web.
You feel very sick. The meliai hits you with a +0 war axe!
* * * LOW HITPOINT WARNING * * *
The meliai stings you but does no damage.
The jumping spider is engulfed in blazing flames.
The jumping spider leaps!
A spark wasp comes into view.
The jumping spider pounces on you but does no damage.
The jumping spider bites you but does no damage.
The jumping spider leaps!
You struggle to detach yourself from the web.
You feel very sick. The meliai hits you with a +0 war axe!
* * * LOW HITPOINT WARNING * * *
The meliai stings you.
* * * LOW HITPOINT WARNING * * *
You are more poisoned.
The meliai poisons you!
The jumping spider pounces on you but does no damage.
The jumping spider bites you but does no damage.
The jumping spider leaps!
The meliai hits you with a +0 war axe.
* * * LOW HITPOINT WARNING * * *
The meliai stings you.
* * * LOW HITPOINT WARNING * * *
The jumping spider is engulfed in blazing flames.
The jumping spider pounces on you but does no damage.
The jumping spider bites you but does no damage.
The jumping spider pounces on you.
* * * LOW HITPOINT WARNING * * *
The jumping spider barely misses you.
Your muscles tense, ready for explosive movement...
The web tears apart.
* * * LOW HITPOINT WARNING * * *
You feel very sick. The meliai hits you with a +0 war axe.
* * * LOW HITPOINT WARNING * * *
The meliai closely misses you. The jumping spider pounces on you!
You die...

.#......##
.....#...#
..#........##
.........#..##
...........#.##
...○#....<....#
....y.y#.....##
....s.syys..##
...#.☼§@§.##
#...s.§s○§.....#
(..[sss.s§#...##
.....s..........
.#...^#..[.....#
.....#..°...#...
#..#. .........#
....^........#


You could see a spark wasp, a wolf spider, 5 jumping spiders, 2 tarantellas, 2
redbacks and 3 meliai.

Vanquished Creatures
  Gastronok (Lair:3)
  2 dire elephants (Lair:6)
  Josephine (Lair:4)
  6 hydras
  Erica (Lair:1)
  A catoblepas (Lair:4)
  2 ogre magi (Orc:2)
  9 two-headed ogres (Orc:2)
  7 death yaks
  Urug (Lair:6)
  A spectral death yak (Lair:6)
  2 deep trolls (Orc:2)
  A spectral anaconda (Lair:6)
  4 lindwurms (Lair:5)
  An obsidian statue (Lair:6)
  An orc knight (Orc:2)
  3 orc sorcerers (Orc:2)
  4 necromancers (Lair:6)
  4 cyclopes
  13 elephants
  3 black mambas
  A torpor snail (Lair:6)
  13 cane toads
  A dire elephant skeleton (Lair:6)
  The ghost of vvl the Stinger, a novice DsVM (D:5)
  8 komodo dragons
  2 rime drakes
  A meliai (Lair:3)
  4 polar bears
  9 trolls
  27 blink frogs
  A slime creature (Lair:6)
  2 jumping spiders (Spider:1)
  A spectral elephant (Lair:6)
  A culicivora (Spider:1)
  2 vampires
  A dire elephant simulacrum (Lair:6)
  A spriggan (Lair:4)
  4 wraiths (Lair:4)
  5 wyverns
  43 yaks
  Eustachio (D:5)
  6 basilisks
  A redback (Spider:1)
  Grum (Lair:1)
  A steam dragon (D:8)
  3 spectral cane toads (Lair:6)
  2 wargs
  Edmund (D:6)
  3 death yak simulacra (Lair:6)
  15 water moccasins
  2 elephant zombies (Lair:6)
  16 orc warriors
  A necrophage (D:8)
  21 ogres
  A swamp drake (D:10)
  5 black bears
  3 sky beasts
  35 wolves
  6 centaurs
  An elephant skeleton (Lair:6)
  A phantom (D:5)
  5 kobold brigands
  Blork the orc (D:4)
  8 bullfrogs
  3 cane toad simulacra (Lair:6)
  6 scorpions
  5 jellies
  2 water moccasin skeletons (D:5)
  9 wights
  4 killer bees (Lair:3)
  6 howler monkeys
  An electric eel (Lair:2)
  A centaur zombie (D:10)
  4 hounds
  A bullfrog zombie (D:5)
  4 centaur skeletons
  15 orc priests
  2 bullfrog skeletons
  4 gnoll shamans
  2 iguanas (D:4)
  12 orc wizards
  A hound zombie (D:5)
  3 howler monkey zombies
  16 gnolls
  A howler monkey skeleton (D:6)
  3 adders
  3 ufetubi
  3 worms
  3 dart slugs
  61 orcs
  3 endoplasms
  4 giant cockroaches
  6 goblins
  4 hobgoblins
  5 jackals (D:1)
  A quokka (D:2)
  3 ball pythons
  6 bats
  25 kobolds
  3 rats
571 creatures vanquished.

Vanquished Creatures (others)
  An orc wizard (D:10)
  A bush (Lair:6)
  37 fungi
  44 plants
  19 withered plants (Lair:6)
102 creatures vanquished.

Grand Total: 673 creatures vanquished

Notes
Turn   | Place    | Note
-------+----------+-------------------------------------------
     0 | D:1      | TheDeanity the Troll Fighter began the quest for the Orb.
     0 | D:1      | Reached XP level 1. HP: 22/22 MP: 0/0
   138 | D:1      | Reached skill level 2 in Maces & Flails
   138 | D:1      | Reached XP level 2. HP: 29/29 MP: 1/1
   191 | D:1      | Found a faded altar of an unknown god.
   765 | D:2      | Reached XP level 3. HP: 28/36 MP: 2/2
  1455 | D:3      | Found a blossoming altar of Fedhas.
  1455 | D:3      | Found a stormy altar of Qazlal.
  1513 | D:3      | Found a radiant altar of Vehumet.
  1960 | D:4      | Reached XP level 4. HP: 39/45 MP: 3/3
  2000 | D:4      | Noticed Blork the orc
  2011 | D:4      | Killed Blork the orc
  2012 | D:4      | Reached skill level 3 in Maces & Flails
  2012 | D:4      | Reached XP level 5. HP: 45/53 MP: 4/4
  2297 | D:4      | Reached XP level 6. HP: 61/61 MP: 5/5
  2644 | D:4      | Reached skill level 6 in Maces & Flails
  2644 | D:4      | Reached XP level 7. HP: 76/76 MP: 6/6
  2645 | D:4      | Reached skill level 8 in Maces & Flails
  2645 | D:4      | Reached XP level 8. HP: 88/88 MP: 7/7
  2663 | D:5      | Entered Level 5 of the Dungeon
  2998 | D:5      | Reached skill level 10 in Shields
  3046 | D:5      | Found a sparkling altar of Nemelex Xobeh.
  3048 | D:5      | Found an ornate altar of the Wu Jian Council.
  3049 | D:5      | Identified the +1 ring mail "Niol" {rPois rC+}
  3051 | D:5      | Noticed vvl's ghost (novice DsVM)
  3052 | D:5      | Found a runed translucent gate.
  3058 | D:5      | Became a worshipper of the Wu Jian Council
  3088 | D:5      | Found Wuim's One-of-a-Kind Rings.
  3331 | D:5      | Found a runed translucent gate.
  3332 | D:5      | Found a runed translucent gate.
  3335 | D:5      | Identified the +0 plate armour "Wentuiwk" {Str+4}
  3396 | D:5      | Killed vvl's ghost
  3397 | D:5      | Reached XP level 9. HP: 65/96 MP: 8/8
  3738 | D:6      | Reached skill level 1 in Armour
  3747 | D:6      | Reached * piety under Wu Jian
  3843 | D:6      | Noticed Eustachio
  3946 | D:6      | Noticed Edmund
  3959 | D:6      | Killed Edmund
  4026 | D:5      | Killed Eustachio
  4477 | D:6      | Reached skill level 9 in Maces & Flails
  4818 | D:7      | Found a staircase to the Ecumenical Temple.
  4881 | D:7      | Noticed a troll
  5230 | D:7      | Found a snail-covered altar of Cheibriados.
  5234 | D:7      | Found a shimmering altar of Xom.
  5238 | D:7      | Found a basalt altar of Yredelemnul.
  5273 | D:7      | Killed a troll
  5274 | D:7      | Reached XP level 10. HP: 70/104 MP: 9/9
  5512 | D:8      | Reached ** piety under Wu Jian
  6170 | D:9      | Found a transporter.
  6178 | D:9      | Noticed dornbeast's ghost (journeyman DjCA)
  6186 | D:9      | Found a transporter.
  6846 | D:9      | Noticed a boulder beetle
  6850 | D:10     | Entered Level 10 of the Dungeon
  6871 | D:10     | Found a staircase to the Orcish Mines.
  6957 | D:10     | Reached *** piety under Wu Jian
  7403 | D:5      | Bought the ring "Zoeco" {rN+ Str-3 Slay+2 SInv} for 396
                  | gold pieces
  7548 | D:5      | Found an ornate altar of the Wu Jian Council.
  7552 | D:5      | Found a sparkling altar of Nemelex Xobeh.
  7646 | D:5      | Reached skill level 10 in Maces & Flails
  7916 | D:7      | Noticed a cyclops
  7925 | D:7      | Killed a cyclops
  7975 | D:7      | Found Seabla Xona's Fire Supplies.
  8629 | D:8      | Found a staircase to the Lair.
  9500 | Lair:1   | Entered Level 1 of the Lair of Beasts
  9565 | Lair:1   | Reached XP level 11. HP: 89/106 MP: 10/10
  9805 | Lair:1   | Noticed Erica
  9816 | Lair:1   | Killed Erica
 10085 | Lair:1   | Noticed Grum
 10094 | Lair:1   | Killed Grum
 10309 | Lair:1   | Noticed an eight-headed hydra
 10317 | Lair:1   | Killed an eight-headed hydra
 10798 | Lair:2   | Reached skill level 11 in Maces & Flails
 11195 | Lair:2   | Reached skill level 5 in Armour
 11326 | Lair:2   | Found a staircase to the Shoals.
 11357 | Lair:2   | Noticed a six-headed hydra
 11363 | Lair:2   | Killed a six-headed hydra
 11816 | Lair:2   | Found a runed translucent door.
 11819 | Lair:2   | Noticed croobank's ghost (journeyman GnFE)
 11823 | Lair:2   | Identified the +5 spear of the Soothsayer {elec, rF+ Will-
                  | rCorr}
 11823 | Lair:2   | Noticed a spriggan rider
 12123 | D:7      | Bought +0 fire dragon scales for 600 gold pieces
 12245 | Lair:3   | Reached XP level 12. HP: 116/126 MP: 11/11
 12250 | Lair:3   | Reached skill level 12 in Maces & Flails
 12341 | Lair:3   | Noticed Gastronok
 12353 | Lair:3   | Killed Gastronok
 12356 | Lair:3   | Reached skill level 10 in Fighting
 12572 | Lair:3   | Found a hole to the Spider Nest.
 12683 | Lair:3   | Noticed a five-headed hydra
 12693 | Lair:3   | Killed a five-headed hydra
 12694 | Lair:3   | Reached skill level 13 in Maces & Flails
 12784 | Lair:3   | Reached **** piety under Wu Jian
 13474 | Lair:4   | Noticed an eight-headed hydra
 13489 | Lair:4   | Killed an eight-headed hydra
 13539 | Lair:4   | Noticed a seven-headed hydra
 13757 | Lair:4   | Killed a seven-headed hydra
 13880 | Lair:4   | Noticed a catoblepas
 13890 | Lair:4   | Killed a catoblepas
 13891 | Lair:4   | Reached XP level 13. HP: 109/135 MP: 12/12
 13990 | Lair:4   | Noticed Josephine
 14001 | Lair:4   | Killed Josephine
 14547 | Lair:5   | Reached skill level 14 in Maces & Flails
 14725 | Lair:5   | Reached ***** piety under Wu Jian
 15585 | Lair:6   | Entered Level 6 of the Lair of Beasts
 15586 | Lair:6   | Noticed Sonja
 15588 | Lair:6   | Noticed Sonja
 15588 | Lair:6   | Sonja changed into Sonja the yak
 15593 | Lair:6   | Killed Sonja the yak
 15758 | Lair:6   | Reached skill level 15 in Maces & Flails
 16209 | Lair:6   | Noticed a dire elephant
 16245 | Lair:6   | Noticed a dire elephant
 16258 | Lair:6   | Killed a dire elephant
 16259 | Lair:6   | Reached XP level 14. HP: 76/148 MP: 13/13
 16555 | Lair:6   | Reached skill level 16 in Maces & Flails
 16631 | Lair:6   | Found a staircase to the Slime Pits.
 16645 | Lair:6   | Noticed Urug
 16662 | Lair:6   | Killed Urug
 17884 | Lair:6   | Got Kikubaaqudgh's Reference Book on Stolen Souls
 18137 | Orc:1    | Entered Level 1 of the Orcish Mines
 18137 | Orc:1    | Found Ohororgh's Mayhem Merchandise.
 18526 | Orc:2    | Entered Level 2 of the Orcish Mines
 18608 | Orc:2    | Found a staircase to the Elven Halls.
 18755 | Orc:2    | Found a burning altar of Makhleb.
 18879 | Orc:2    | Found Suupeuxu's Antique Weapon Shop.
 18886 | Orc:2    | Reached skill level 17 in Maces & Flails
 18897 | Orc:2    | Found Ulun's Armour Shop.
 18951 | Orc:2    | Reached XP level 15. HP: 47/158 MP: 14/14
 19064 | Orc:2    | Found Ibliyptu's Magic Scroll Emporium.
 19076 | Orc:2    | Found Zaylat's Antique Weapon Boutique.
 19408 | Orc:1    | Bought the +7 great mace "Firestarter" {inner flame, rF++}
                  | for 854 gold pieces
 19408 | Orc:1    | Found the +7 great mace "Firestarter" {inner flame, rF++}
 19451 | Orc:2    | Bought a scroll of identify for 28 gold pieces
 19451 | Orc:2    | Bought a scroll of identify for 28 gold pieces
 19451 | Orc:2    | Bought a scroll of identify for 28 gold pieces
 19454 | Orc:2    | Gained mutation: You are weak. (Str -2) [potion of
                  | mutation]
 19454 | Orc:2    | Gained mutation: Your movements are slightly less
                  | encumbered by armour. (ER -2) [potion of mutation]
 19466 | Orc:2    | Lost mutation: You are weak. (Str -2) [potion of mutation]
 19466 | Orc:2    | Lost mutation: Your movements are slightly less encumbered
                  | by armour. (ER -2) [potion of mutation]
 19466 | Orc:2    | Gained mutation: You are partially covered in iridescent
                  | scales. (AC +2) [potion of mutation]
 19466 | Orc:2    | Gained mutation: Your spells are a little harder to cast,
                  | but a little more powerful. [potion of mutation]
 19467 | Orc:2    | Lost mutation: You are partially covered in iridescent
                  | scales. (AC +2) [potion of mutation]
 19467 | Orc:2    | Lost mutation: Your spells are a little harder to cast, but
                  | a little more powerful. [potion of mutation]
 19467 | Orc:2    | Gained mutation: You are agile. (Dex +2) [potion of
                  | mutation]
 19467 | Orc:2    | Gained mutation: You have large cloven feet. [potion of
                  | mutation]
 19607 | Spider:1 | Entered Level 1 of the Spider Nest
 19623 | Spider:1 | HP: 7/159 [poisoned by a meliai]
 19623 | Spider:1 | HP: 3/159 [meliai/+0 war axe (4)]
 19623 | Spider:1 | Slain by a jumping spider

Illustrated notes

Levels and vault maps discovered:
D:1:      dpeg_arrival_arbitrary_b, layout_basic,
          shapermc_ecumenical_altar_mp_highgroup
D:2:      minmay_general_purpose_star, layout_loops_ring, grunt_decor_one_mirror
D:3:      layout_basic, grunt_temple_overflow_forces_of_nature,
          mainiacjoe_overflow_tiny_flanked
D:4:      layout_loops_ring, nicolae_elevator_lobby_asterisk, uniq_blork_the_orc
D:5:      layout_basic, chequers_temple_overflow_statue_of_worship,
          biasface_ghost_orc_armoury, nicolae_shop_unique_rings,
          minmay_diced_spiral
D:6:      layout_gridville, st_stairs_1, uniq_edmund, uniq_eustachio
D:7:      layout_basic, grunt_temple_overflow_diamond,
          minmay_temple_entry_slanted, nicolae_shop_fire_sale
          [nicolae_sub_dead_trees]
D:8:      layout_loops_ring, lair_entry_dummy, eino_tiny_chamber, minivault_27
D:9:      layout_basic, nzn_ghost_randoct, corexii_hall_statues_i,
          serial_bayou_pond_e
D:10:     layout_long_grid, erik_orc_1
Lair:1:   layout_concentric_octagons, lemuel_fruit_tree, serial_bayou_shore_b,
          infiniplex_staircase_pool_2, uniq_erica, uniq_grum
Lair:2:   layout_loops_ring, minmay_shoals_entry_hut,
          ebering_ghost_funeral_grove
Lair:3:   layout_concentric_octagons, hellmonk_spider_entry_not_the_bees,
          uniq_gastronok
Lair:4:   layout_regular_city, forest_entry_grove, uniq_josephine
Lair:5:   layout_big_grid, chequers_serial_rivers_micro_b, minmay_lindwurm_lava,
          grunt_megastairs_4
Lair:6:   due_jungle_book, layout_long_grid, minmay_slime_entry_pillars,
          uniq_urug, uniq_sonja
Spider:1: layout_spider_delve
Orc:1:    layout_caves, minmay_shop_mayhem
Orc:2:    st_orc_open, layout_diamond_mine, bloody_makhleb

Skill      XL: |  1  2  3  4  5  6  7  8  9 10 11 12 13 14 15 |
---------------+----------------------------------------------+-----
Maces & Flails | 2 3 6 8 9 10 11 13 15 17 | 17.6
Shields        | 3 4 8 9 10 | 10.0
Fighting       | 3 6 7 8 9 10 11 12 13 | 13.0
Armour         | 2 3 5 |  5.0
Dodging        | |  2.4

Action                   |  1- 3 |  4- 6 |  7- 9 | 10-12 | 13-15 || total
-------------------------+-------+-------+-------+-------+-------++-------
Melee: Unarmed           |   117 |    56 |    80 |       |       ||   253
       Morningstar       |       |       |   311 |   931 |   995 ||  2237
       Great mace        |       |       |       |       |     9 ||     9
       Kick              |       |       |       |       |     1 ||     1
Throw: Large rock        |       |       |       |     1 |       ||     1
Invok: Lunge             |       |       |    16 |    58 |    68 ||   142
       Whirlwind         |       |       |    31 |   237 |   365 ||   633
       Serpent's Lash    |       |       |       |    10 |    10 ||    20
       Heavenly Storm    |       |       |       |       |     1 ||     1
 Abil: Wall Jump         |       |       |       |     1 |     3 ||     4
Evoke: Wand              |       |       |       |    31 |     6 ||    37
       Box of beasts     |       |       |       |       |     1 ||     1
       Phial of floods   |       |       |       |       |     1 ||     1
  Use: Scroll            |     3 |     1 |     4 |     8 |     8 ||    24
       Potion            |       |     1 |     5 |     1 |     4 ||    11
 Stab: Sleeping          |     1 |     1 |       |       |       ||     2
       Invisible         |       |       |     2 |       |       ||     2
Armor: Robe              |    41 |     7 |   150 |   116 |       ||   314
       Fire dragon scale |       |       |       |   170 |   306 ||   476
Dodge: Dodged            |    39 |    23 |   161 |   252 |   200 ||   675
Block: Kite shield       |    36 |    14 |   217 |   417 |   288 ||   972
